 Dungeon Crawl Stone Soup version 0.30-a0-576-g89cddaab80 (webtiles) character file.

Game seed: 2200420518403102685

20953 mhtbhm the Blocker (level 12, -5/74 HPs)
             Began as a Gargoyle Fighter on Dec 30, 2022.
             Was an Elder of Qazlal.
             Slain by a boulder beetle (9 damage)
             ... on level 12 of the Dungeon.
             The game lasted 00:16:31 (12542 turns).

mhtbhm the Blocker (Gargoyle Fighter)              Turns: 12542, Time: 00:16:32

Health: -5/74      AC: 17    Str: 29    XL:     12   Next: 84%
Magic:  19/19      EV: 13    Int: 11    God:    Qazlal [****..]
Gold:   629        SH: 16    Dex:  9    Spells: 9/11 levels left

rFire   . . .      SeeInvis .    a - +4 flail (heavy)
rCold   . . .      Faith    .    c - +0 buckler
rNeg    + . .      Spirit   .    b - +0 steam dragon scales
rPois   ∞          Reflect  +    (no helmet)
rElec   +          Harm     .    O - scarf {repulsion}
rCorr   .          Rampage  .    n - +0 pair of gloves
Will    .....                    j - +0 pair of boots
Stlth   +                        f - amulet of reflection
HPRegen 0.32/turn                I - +6 ring of strength
MPRegen 0.16/turn                A - +4 ring of slaying

@: repel missiles
A: sickness immunity, AC +8, negative energy resistance 1, electricity
resistance, torment resistance 1, petrification resistance
a: Renounce Religion, Upheaval, Elemental Force


You were on level 12 of the Dungeon.
You worshipped Qazlal.
Qazlal was greatly pleased with you.
You visited 1 branch of the dungeon, and saw 13 of its levels.

You collected 785 gold pieces.
You spent 156 gold pieces at shops.

Inventory:

Hand Weapons
 a - a +4 heavy flail (weapon)
 u - a +2 mace of holy wrath
Missiles
 d - 3 curare-tipped darts (quivered)
 g - 17 boomerangs
 h - 3 throwing nets
Armour
 b - +0 steam dragon scales (worn)
 c - a +0 buckler (worn)
 j - a +0 pair of boots (worn)
 n - a +0 pair of gloves (worn)
 O - a scarf of repulsion (worn)
Jewellery
 e - a ring of positive energy
 f - an amulet of reflection (around neck)
 A - a +4 ring of slaying (right hand)
 I - a +6 ring of strength (left hand)
 K - a ring of protection from fire
 P - the amulet of Pasuef {Acrobat Regen+}
   (You found it on level 11 of the Dungeon)

   [amulet of the acrobat]

   It increases your evasion while moving and waiting.
   Regen:     It increases your rate of health regeneration.
Wands
 x - a wand of polymorph (5)
 F - a wand of flame (16)
 H - a wand of charming (1)
Scrolls
 k - 2 scrolls of summoning
 l - 6 scrolls of enchant armour
 m - 2 scrolls of noise
 o - a scroll of enchant weapon
 r - 5 scrolls of poison
 s - 5 scrolls of teleportation
 v - 3 scrolls of amnesia
 y - 2 scrolls of brand weapon
 J - a scroll of silence {unknown}
 L - 2 scrolls of fear {unknown}
 N - a scroll of immolation {unknown}
Potions
 i - 6 potions of curing
 q - 2 potions of cancellation
 t - a potion of ambrosia
 w - 3 potions of brilliance
 B - 2 potions of attraction {unknown}
 C - 3 potions of lignification {unknown}
 E - a potion of might
 G - a potion of haste
 M - a potion of resistance {unknown}


   Skills:
 + Level 8.2 Fighting
 + Level 11.1 Maces & Flails
 + Level 2.0 Throwing
 + Level 6.0 Armour
 + Level 6.9 Dodging
 + Level 2.5 Stealth
 + Level 11.2 Shields
 * Level 9.9 Invocations
 + Level 1.3 Evocations


You had 9 spell levels left.
You knew the following spells:

 Your Spells              Type           Power      Damage    Failure   Level
a - Passwall              Tmut/Erth      0%         N/A       54%         2

Your spell library contained the following spells:

 Spells                   Type           Power      Damage    Failure   Level
 Kiss of Death            Conj/Necr      0%         2d5       38%         1
 Magic Dart               Conj           0%         1d3       38%         1
 Ensorcelled Hibernation  Hex/Ice        0%         N/A       54%         2
 Searing Ray              Conj           0%         2d4       54%         2
 Confusing Touch          Hex            0%         N/A       77%         3
 Portal Projectile        Hex/Tloc       0%         N/A       77%         3
 Swiftness                Air            0%         N/A       77%         3
 Tukima's Dance           Hex            0%         N/A       77%         3
 Dispel Undead            Necr           0%         3d6       99%         4
 Fulminant Prism          Conj/Hex       0%         3d5       99%         4
 Blade Hands              Tmut           0%         N/A       100%        5


Dungeon Overview and Level Annotations

Branches:
Dungeon (13/15)            Temple (0/1) D:5            Lair (0/5) D:10
    Orc (0/2) D:10         Vaults (0/5) D:13

Altars:
Dithmenos
Elyvilon
Hepliaklqana
Nemelex Xobeh
Qazlal
Zin

Shops:
D:4 (   D:11 (

Portals:
Trove: D:11 (give 15 potions of curing)

Annotations:
D:12 Gastronok


Innate Abilities, Weirdness & Mutations

You are immune to sickness and miasma.
Your stone body is resilient. (AC +8)
You are immune to poison.
You resist negative energy. (rN+)
You are resistant to electric shocks. (rElec)
You are resistant to unholy torment.
You are immune to petrification.


Message History

You block the orc's attack.
Gastronok is engulfed in freezing vapours.
Gastronok glows a brilliant shade of cerise.
You bludgeon Gastronok!!
Gastronok is heavily wounded.
The orc is engulfed in freezing vapours.
You kill the orc!
Qazlal accepts your kill. The boulder beetle hits you!!
The boulder beetle stops rolling and uncurls.
Gastronok is engulfed in freezing vapours.
Gastronok waves his eye-stalks in wide circles.
The air twists around and strikes you!!
* * * LOW HITPOINT WARNING * * *
You are too injured to fight recklessly!
You are too injured to fight recklessly!
You are too injured to fight recklessly!
You are too injured to fight recklessly!
You are too injured to fight recklessly!
You are too injured to fight recklessly!
You are too injured to fight recklessly!
You are too injured to fight recklessly!
You are too injured to fight recklessly!
You are too injured to fight recklessly!
You are too injured to fight recklessly!
You are too injured to fight recklessly!
You are too injured to fight recklessly!
You are too injured to fight recklessly!
You are too injured to fight recklessly!
You are too injured to fight recklessly!
You are too injured to fight recklessly!
You are too injured to fight recklessly!
You are too injured to fight recklessly!
You are too injured to fight recklessly!
You are too injured to fight recklessly!
Unknown command.
You sock Gastronok!
Gastronok is almost dead.
You block the boulder beetle's attack. The boulder beetle bites you!
You die...

#.............####
.........###...g..##
........###>.....##
#...............$.....
#.....................
###............##.......
.....○☼.................
.....°.○w...............
......)@B..............
.......)..###..##.....
.....○.○..###..# ....
...........##..# ...
#.##.......##..# .. #
#######.##..#
#)##..#######
#.##...))...#
#.##.######.#


You could see Gastronok and a boulder beetle.

Vanquished Creatures
  Frances (D:12)
  2 vault guards
  4 two-headed ogres
  Sonja (D:10)
  A wizard (D:13)
  The ghost of bmack86 the Chopper, a novice MiFi (D:5)
  Maggie (D:6)
  A kobold demonologist (D:10)
  3 komodo dragons (D:11)
  3 trolls
  Grinder (D:3)
  A polar bear (D:10)
  A hornet (D:8)
  3 centaur simulacra (D:10)
  A shadow (D:11)
  2 wraiths
  13 humans (D:13)
  A steam dragon (D:10)
  A vampire mosquito (D:12)
  An acid dragon (D:11)
  A water moccasin (D:8)
  2 ice beasts
  3 black bears
  7 orc warriors
  2 sky beasts
  3 wolves (D:10)
  4 centaurs
  Blork the orc (D:4)
  2 gnoll sergeants
  2 bullfrogs
  5 scorpions
  17 wights
  16 killer bees
  4 howler monkeys
  4 lava snakes (D:7)
  5 electric eels (D:10)
  7 hounds
  2 jellies (D:6)
  A gnoll bouda (D:9)
  9 orc priests
  3 iguanas
  8 orc wizards
  10 adders
  16 gnolls
  A white imp (D:6)
  4 ufetubi
  A worm (D:3)
  5 dart slugs
  58 orcs
  5 ball pythons
  3 bats
  9 endoplasms
  A giant cockroach (D:3)
  9 goblins
  7 hobgoblins
  6 jackals
  3 kobolds
  6 quokkas
  3 frilled lizards
  5 rats
303 creatures vanquished.

Vanquished Creatures (collateral kills)
  Snorg (D:12)
  2 vault guards (D:13)
  2 wizards (D:13)
  5 humans (D:13)
  A vampire mosquito (D:12)
11 creatures vanquished.

Vanquished Creatures (others)
  2 plants (D:9)
2 creatures vanquished.

Grand Total: 316 creatures vanquished

Notes
Turn   | Place    | Note
-------+----------+-------------------------------------------
     0 | D:1      | mhtbhm the Gargoyle Fighter began the quest for the Orb.
     0 | D:1      | Reached XP level 1. HP: 14/14 MP: 1/1
    80 | D:1      | Reached XP level 2. HP: 19/19 MP: 2/2
   751 | D:2      | Reached XP level 3. HP: 24/24 MP: 3/3
  1104 | D:2      | Reached XP level 4. HP: 29/29 MP: 4/4
  1629 | D:3      | Found a stormy altar of Qazlal.
  1629 | D:3      | Found a hazy altar of Hepliaklqana.
  1637 | D:3      | Found a white marble altar of Elyvilon.
  1639 | D:3      | Found a faded altar of an unknown god.
  1641 | D:3      | Found a sparkling altar of Nemelex Xobeh.
  1684 | D:3      | Became a worshipper of Qazlal Stormbringer
  1703 | D:3      | Noticed Grinder
  1704 | D:3      | Paralysed by Grinder for 3 turns
  1744 | D:3      | Paralysed by Grinder for 5 turns
  1749 | D:3      | Killed Grinder
  1750 | D:3      | Reached skill level 1 in Dodging
  1750 | D:3      | Reached skill level 1 in Invocations
  1750 | D:3      | Reached XP level 5. HP: 26/33 MP: 4/6
  1750 | D:3      | Reached XP level 6. HP: 30/38 MP: 4/7
  2632 | D:4      | Found Ykisympesk's Antique Weapon Emporium.
  2640 | D:4      | Bought a runed flail for 156 gold pieces
  2641 | D:4      | Noticed Blork the orc
  2646 | D:4      | Killed Blork the orc
  2647 | D:4      | Reached XP level 7. HP: 44/44 MP: 8/8
  2675 | D:4      | Reached * piety under Qazlal
  2936 | D:4      | Reached skill level 5 in Maces & Flails
  3106 | D:5      | Entered Level 5 of the Dungeon
  3253 | D:5      | Found a runed translucent gate.
  3253 | D:5      | Found a runed translucent gate.
  3253 | D:5      | Found a runed translucent gate.
  3256 | D:5      | Noticed bmack86's ghost (novice MiFi)
  3258 | D:5      | Noticed a troll
  3290 | D:5      | Reached XP level 8. HP: 46/48 MP: 10/10
  3371 | D:5      | Reached skill level 5 in Armour
  3525 | D:5      | Found a staircase to the Ecumenical Temple.
  3653 | D:5      | Identified the +0 chain mail of Trumpets {Int+3 Dex-4 SInv}
  4237 | D:5      | Reached skill level 5 in Shields
  4243 | D:5      | Killed bmack86's ghost
  4244 | D:5      | Reached skill level 5 in Fighting
  4244 | D:5      | Reached skill level 1 in Stealth
  4250 | D:5      | Killed a troll
  4251 | D:5      | Reached XP level 9. HP: 46/54 MP: 12/12
  4302 | D:6      | Noticed Maggie
  4316 | D:6      | Killed Maggie
  4317 | D:6      | Reached skill level 5 in Invocations
  4503 | D:6      | Reached ** piety under Qazlal
  6132 | D:7      | Found a glowing silver altar of Zin.
  6182 | D:7      | Reached XP level 10. HP: 60/60 MP: 14/14
  6315 | D:7      | Reached *** piety under Qazlal
  6445 | D:7      | Learned a level 2 spell: Passwall
  7538 | D:9      | Reached **** piety under Qazlal
  7687 | D:9      | Found a shadowy altar of Dithmenos.
  8198 | D:10     | Entered Level 10 of the Dungeon
  8211 | D:10     | Reached XP level 11. HP: 25/66 MP: 16/16
  8946 | D:10     | Noticed Sonja
  8946 | D:10     | Noticed a two-headed ogre
  8953 | D:10     | Killed a two-headed ogre
  8975 | D:10     | Killed Sonja
  8976 | D:10     | Reached skill level 10 in Maces & Flails
  9162 | D:10     | You fall into a shaft and drop 3 floors!
  9202 | D:13     | Noticed a wizard
  9213 | D:13     | Reached skill level 1 in Evocations
  9214 | D:13     | Reached skill level 5 in Dodging
  9230 | D:13     | Killed a wizard
  9365 | D:13     | Noticed a wizard
  9366 | D:13     | Noticed a wizard
  9367 | D:13     | Noticed a vault guard
  9369 | D:13     | Noticed a vault guard
  9372 | D:13     | Killed a wizard
  9373 | D:13     | Noticed a vault guard
  9375 | D:13     | Killed a wizard
  9375 | D:13     | Killed a vault guard
  9376 | D:13     | Reached skill level 1 in Throwing
  9376 | D:13     | Reached skill level 10 in Shields
  9377 | D:13     | Found a gate to the Vaults.
  9379 | D:13     | Killed a vault guard
  9380 | D:13     | Reached XP level 12. HP: 58/72 MP: 11/18
  9387 | D:13     | Killed a vault guard
  9508 | D:12     | Noticed Frances
  9664 | D:11     | Identified the amulet of Pasuef {Acrobat Regen+}
  9808 | D:11     | Found Ugrexiare's Weapon Emporium.
 10116 | D:11     | Noticed a two-headed ogre
 10123 | D:11     | Killed a two-headed ogre
 10430 | D:11     | Noticed a vault guard
 10437 | D:11     | Killed a vault guard
 10565 | D:11     | Found a portal to a secret trove of treasure.
 11066 | D:10     | Found a staircase to the Orcish Mines.
 11126 | D:10     | Found a staircase to the Lair.
 11342 | D:10     | Noticed a two-headed ogre
 11351 | D:10     | Killed a two-headed ogre
 12174 | D:12     | Noticed Snorg
 12218 | D:12     | Killed Snorg
 12246 | D:12     | Noticed a two-headed ogre
 12268 | D:12     | Killed Frances
 12271 | D:12     | Killed a two-headed ogre
 12531 | D:12     | Noticed Gastronok
 12537 | D:12     | Noticed a boulder beetle
 12542 | D:12     | Slain by a boulder beetle

Illustrated notes

Levels and vault maps discovered:
D:1:      matt_arrival_los_fun, layout_loops_ring
D:2:      layout_loops_cross
D:3:      layout_loops_cross, chequers_temple_overflow_minitemple, uniq_grinder
D:4:      layout_rooms, serial_shops, shop, kennysheep_cluttered_room,
          uniq_blork_the_orc
D:5:      layout_basic, minmay_temple_entry_enclosed_plants,
          gammafunk_ghost_split, grunt_ministairs_1
D:6:      dreamdust_elfheim, layout_basic, corexii_item_surrounded_by_moat,
          minmay_misc_feat_alley, nicolae_figureground_sparkle, uniq_maggie
D:7:      nicolae_cairo_tiling_large, layout_loops_ring, zin_scriptorium,
          kennysheep_boxes
D:8:      layout_basic, st_stairs_1
D:9:      layout_basic, marbit_many_paths, minmay_misc_feat_plants,
          hangedman_decor_slide_cut
D:10:     layout_basic, erik_lair_island, serial_ice, serial_ice_g,
          serial_ice_n, serial_ice_f, serial_ice_a, serial_ice_d, serial_ice_h,
          serial_ice_c, uniq_sonja
D:11:     layout_layer_cave, enter_trove_5, serial_shops,
          nicolae_shop_hallway_plus
D:12:     layout_basic, uniq_snorg, uniq_gastronok, uniq_frances
D:13:     layout_stronghold, grunt_vaults_entry_tiered

Skill      XL: |  1  2  3  4  5  6  7  8  9 10 11 12 |
---------------+-------------------------------------+-----
Maces & Flails | 3 4 5 7 8 9 10 11 | 11.1
Fighting       | 4 5 6 7 8 |  8.2
Armour         | 4 5 6 |  6.0
Dodging        | 1 2 3 4 6 |  6.9
Shields        | 4 5 7 8 10 11 | 11.2
Invocations    | 1 2 3 4 5 7 8 9 |  9.9
Stealth        | 1 2 |  2.5
Evocations     | 1 |  1.3
Throwing       | 1 2 |  2.0

Action                   |  1- 3 |  4- 6 |  7- 9 | 10-12 || total
-------------------------+-------+-------+-------+-------++-------
Melee: Flail             |    57 |    46 |   212 |   361 ||   676
       Whip              |    36 |    97 |       |       ||   133
Throw: Boomerang         |       |       |       |    15 ||    15
       Dart              |       |       |       |     6 ||     6
 Cast: Passwall          |       |       |       |     1 ||     1
Invok: Upheaval          |       |       |       |     4 ||     4
       Elemental Force   |       |       |       |     2 ||     2
Evoke: Wand              |       |       |     5 |     2 ||     7
  Use: Scroll            |       |     3 |     1 |    15 ||    19
       Potion            |       |     2 |     3 |    11 ||    16
Armor: Scale mail        |    50 |    87 |    61 |       ||   198
       Steam dragon scal |       |       |    78 |   178 ||   256
Dodge: Dodged            |    40 |    66 |   105 |   221 ||   432
       Repelled          |       |       |       |     1 ||     1
Block: Buckler           |    24 |    32 |   172 |   415 ||   643
       Reflection        |       |       |     3 |    15 ||    18

Table legend: (Time is in decaauts)
 A = Elapsed time spent in this place.
 B = Non-inter-level travel time spent in this place.
 C = Inter-level travel time spent in this place.
 D = Time resting spent in this place.
 E = Time spent auto-exploring this place.
 F = Levels seen in this place.
 G = Mean time per level.
                   A        B        C        D        E       F      G
               +--------+--------+--------+--------+--------+-----+--------+
         Total |  12840 |  12665 |    175 |   2015 |   7657 |  13 |  987.7 |
       Dungeon |  12840 |  12665 |    175 |   2015 |   7657 |  13 |  987.7 |
               +--------+--------+--------+--------+--------+-----+--------+

Top non-repeatable levels by time:
    D:10: 2063 daAuts
    D:11: 1578 daAuts
     D:7: 1344 daAuts
     D:5: 1221 daAuts
     D:6: 954 daAuts
     D:8: 871 daAuts
     D:9: 858 daAuts
     D:4: 850 daAuts
     D:1: 785 daAuts
     D:2: 783 daAuts
     D:3: 761 daAuts
    D:12: 414 daAuts
    D:13: 355 daAuts
